 Dungeon Crawl Stone Soup version 0.30.0-19-gbf45117a57 (webtiles) character file.

Game seed: 15396921182095789867

167 qw the Chopper (level 5, -7/32 HPs)
             Began as a Gargoyle Fighter on May 23, 2023.
             Mangled by an ogre
             ... wielding a +0 giant spiked club
              (24 damage)
             ... on level 4 of the Dungeon.
             The game lasted 00:01:21 (2804 turns).

qw the Chopper (Gargoyle Fighter)                   Turns: 2804, Time: 00:01:21

Health: -7/32      AC: 16    Str: 21    XL:     5   Next: 48%
Magic:  5/5        EV:  5    Int:  9    God:
Gold:   36         SH:  4    Dex:  9    Spells: 4/4 levels left

rFire   . . .        Y - +0 war axe
rCold   . . .        c - +0 buckler
rNeg    + . .        e - +1 plate armour
rPois   inf          (no helmet)
rElec   +            (no cloak)
rCorr   .            (no gloves)
SInv    .            (no boots)
Will    +....        (no amulet) Stlth
                     h - ring of willpower
HPRegen 0.25/turn    (no ring)
MPRegen 0.09/turn

%: no passive effects
@: no status effects
A: sickness immunity, AC +4, negative energy resistance 1, electricity
resistance, torment resistance 1, petrification resistance
a: no special abilities


You were on level 4 of the Dungeon.
You visited 1 branch of the dungeon, and saw 4 of its levels.

You collected 140 gold pieces.
You spent 104 gold pieces at shops.


Innate Abilities, Weirdness & Mutations

You are immune to sickness and miasma.
Your stone body is resilient. (AC +4)
You are immune to poison.
You resist negative energy. (rN+)
You are resistant to electric shocks. (rElec)
You are resistant to unholy torment.
You are immune to petrification.


   Skills:
 + Level 3.4 Fighting
 - Level 5.0 Axes
 - Level 3.2 Armour
 - Level 3.2 Shields


You had 4 spell levels left.
You didn't know any spells.
Your spell library was empty.

Inventory:

Hand Weapons
 k - a +0 flail
 Y - a +0 war axe (weapon)
Missiles
 b - 5 boomerangs (quivered)
Armour
 c - a +0 buckler (worn)
 e - a +1 plate armour (worn)
Jewellery
 h - a ring of willpower (left hand)
Scrolls
 a - 7 scrolls of identify
 m - a scroll of teleportation
Potions
 d - 2 potions of might
 f - a potion of heal wounds
 g - 2 potions of curing
 j - a potion of haste

Dungeon Overview and Level Annotations

Branches:
Dungeon (4/15)
 Temple: D:4-7

Altars:
Makhleb

Shops:
D:2 !*!


Message History

There is a stone staircase leading down here.
You climb downwards.
There is a stone staircase leading up here.
Waypoint 3 assigned to D:4.
A ball python comes into view.
2789 ||| Stepping ~*~*~tactically~*~*~ (stealth).
2790 ||| Stepping ~*~*~tactically~*~*~ (stealth).
The ball python hisses angrily.
You closely miss the ball python.
The ball python bites you but does no damage.
The ball python barely misses you. The ball python closely misses you.
The ball python barely misses you.
You hit the ball python.
You kill the ball python!
Found a chain mail.
An ogre comes into view. It is wielding a +0 giant spiked club.
The ogre shouts!
You throw a boomerang. The boomerang hits the ogre.
The ogre is lightly wounded.
You throw a boomerang.
The boomerang hits the ogre but does no damage.
The ogre is lightly wounded.
You throw a boomerang. The boomerang hits the ogre.
The ogre is moderately wounded.
You hit the ogre but do no damage.
The ogre is moderately wounded.
The ogre hits you with a +0 giant spiked club!
Ouch! That really hurt!
You closely miss the ogre.
The ogre is moderately wounded.
You feel a little less clever now. The ogre barely misses you.
You slash the ogre!
The ogre is severely wounded.
You block the ogre's attack.
You slash the ogre!
The ogre is almost dead.
The ogre hits you with a +0 giant spiked club!!
Ouch! That really hurt!
You die...

# #.
##.######..#
####
#...@O[....#
...#.###.####...
... #....#
#.###.##.#
#...## .#
...#######.## ..
#.....<...# ###
...#########


You could see an ogre.

Vanquished Creatures
  An orc wizard (D:3)
  4 gnolls (D:3)
  2 adders
  A worm (D:3)
  2 dart slugs (D:3)
  7 orcs (D:3)
  4 ball pythons
  3 endoplasms
  8 giant cockroaches
  3 goblins
  7 hobgoblins
  3 quokkas
  8 bats
  8 frilled lizards
  5 kobolds
  5 rats
71 creatures vanquished.

Notes
Turn   | Place    | Note
-------+----------+-------------------------------------------
     0 | D:1      | qw the Gargoyle Fighter began the quest for the Orb.
     0 | D:1      | Reached XP level 1. HP: 14/14 MP: 1/1
     0 | D:1      | 0 ||| qw: Version: 0.2-a-98-g5d7165a
     0 | D:1      | 0 ||| qw: Game counter: 44
     0 | D:1      | 0 ||| qw: Always use a shield: true
     0 | D:1      | 0 ||| qw: God list: Okawaru
     0 | D:1      | 0 ||| qw: Allow faded altars: false
     0 | D:1      | 0 ||| qw: Do Orc after D:15 true
     0 | D:1      | 0 ||| qw: Do second Lair branch before Depths: true
     0 | D:1      | 0 ||| qw: Lair rune preference: random
     0 | D:1      | 0 ||| qw: Plans: Normal, Zot:1-4, God:TSO, Crypt, Tomb,
                  | Pan, Slime:5, Hells, Abyss, Win
     0 | D:1      | 0 ||| PLANNING D:1-11
   126 | D:1      | Reached skill level 2 in Axes
   235 | D:1      | Reached XP level 2. HP: 19/19 MP: 2/2
   748 | D:1      | Reached skill level 3 in Axes
   896 | D:1      | 896 ||| UPGRADING to ring of willpower.
   897 | D:1      | 897 ||| DROPPING ring of magical power.
   898 | D:1      | 898 ||| READING 5 scrolls labelled KYFALLISIR.
   899 | D:1      | 899 ||| READING scroll labelled EDDYUCIMMU.
   900 | D:1      | 900 ||| READING scroll labelled BIYXTODGHADOS.
   901 | D:1      | 901 ||| READING scroll labelled ZOIFECLULE.
   968 | D:2      | Reached XP level 3. HP: 21/23 MP: 3/3
  1005 | D:2      | Found Nanwial's Distillery.
  1008 | D:2      | 1008 ||| Stepping ~*~*~tactically~*~*~ (stealth).
  1023 | D:2      | 1023 ||| BUYING potion of curing (39 gold).
  1023 | D:2      | Bought a potion of curing for 39 gold pieces
  1023 | D:2      | 1023 ||| SHOPLISTING potion of experience (650 gold, have
                  | 64).
  1023 | D:2      | 1023 ||| SHOPLISTING potion of haste (130 gold, have 64).
  1023 | D:2      | 1023 ||| SHOPLISTING potion of heal wounds (65 gold, have
                  | 64).
  1023 | D:2      | 1023 ||| SHOPLISTING potion of mutation (104 gold, have
                  | 64).
  1037 | D:2      | 1037 ||| DROPPING +0 club.
  1093 | D:2      | Found a burning altar of Makhleb.
  1125 | D:2      | Found Cela Hof's General Store.
  1140 | D:2      | 1140 ||| BUYING potion of curing (39 gold).
  1140 | D:2      | Bought a potion of curing for 39 gold pieces
  1140 | D:2      | 1140 ||| SHOPLISTING potion of mutation (104 gold, have
                  | 33).
  1140 | D:2      | 1140 ||| BUYING scroll of identify (26 gold).
  1140 | D:2      | Bought a scroll of identify for 26 gold pieces
  1224 | D:2      | 1224 ||| Stepping ~*~*~tactically~*~*~ (stealth).
  1535 | D:2      | Found Fyaquoji's Distillery.
  1561 | D:2      | 1561 ||| SHOPLISTING potion of attraction (36 gold, have
                  | 25).
  1561 | D:2      | 1561 ||| SHOPLISTING potion of cancellation (96 gold, have
                  | 25).
  1561 | D:2      | 1561 ||| SHOPLISTING potion of curing (36 gold, have 25).
  1561 | D:2      | 1561 ||| SHOPLISTING potion of haste (120 gold, have 25).
  1561 | D:2      | 1561 ||| SHOPLISTING potion of lignification (36 gold, have
                  | 25).
  1561 | D:2      | 1561 ||| SHOPLISTING potion of mutation (96 gold, have 25).
  1653 | D:2      | 1653 ||| Stepping ~*~*~tactically~*~*~ (hiding).
  1677 | D:2      | Reached XP level 4. HP: 25/28 MP: 4/4
  1790 | D:2      | 1790 ||| UPGRADING to +0 plate armour.
  1800 | D:2      | 1800 ||| DROPPING +0 scale mail.
  1801 | D:2      | 1801 ||| READING 4 scrolls labelled QERYAT EDEMNE.
  1802 | D:2      | 1802 ||| READING scroll labelled ZOMUNNESYN.
  1805 | D:2      | 1805 ||| READING scroll labelled TOUSOO UGOGE.
  1806 | D:2      | 1806 ||| READING scroll labelled QAFONUHA CIOR.
  1807 | D:2      | 1807 ||| READING scroll labelled PISMUS FAUGG.
  1808 | D:2      | 1808 ||| READING 7 scrolls of identify.
  1808 | D:2      | 1808 ||| IDENTIFYING purple potion
  1809 | D:2      | 1809 ||| READING 6 scrolls of identify.
  1809 | D:2      | 1809 ||| IDENTIFYING bubbling yellow potion
  1810 | D:2      | 1810 ||| DROPPING 3 scrolls of fog.
  1937 | D:3      | Reached skill level 4 in Axes
  1953 | D:3      | 1953 ||| DROPPING +0 mace.
  1956 | D:3      | 1956 ||| DROPPING +2 whip of venom.
  2008 | D:3      | 2008 ||| READING scroll of enchant armour.
  2008 | D:3      | 2008 ||| ENCHANTING +0 plate armour.
  2050 | D:3      | Reached XP level 5. HP: 32/32 MP: 5/5
  2153 | D:3      | Found a faded altar of an unknown god.
  2215 | D:3      | 2215 ||| Stepping ~*~*~tactically~*~*~ (hiding).
  2219 | D:3      | 2219 ||| Stepping ~*~*~tactically~*~*~ (stealth).
  2453 | D:3      | Reached skill level 5 in Axes
  2613 | D:3      | 2613 ||| Stepping ~*~*~tactically~*~*~ (stealth).
  2614 | D:3      | 2614 ||| Stepping ~*~*~tactically~*~*~ (stealth).
  2746 | D:3      | 2746 ||| READING scroll labelled LOIMUTT NIRE.
  2747 | D:3      | 2747 ||| DRINKING 2 murky orange potions.
  2748 | D:3      | 2748 ||| DROPPING potion of brilliance.
  2789 | D:4      | 2789 ||| Stepping ~*~*~tactically~*~*~ (stealth).
  2790 | D:4      | 2790 ||| Stepping ~*~*~tactically~*~*~ (stealth).
  2796 | D:4      | Noticed an ogre
  2804 | D:4      | Mangled by an ogre

Levels and vault maps discovered:
D:1:      ncdulo_smallfort, layout_loops_corners
D:2:      layout_loops_ring, serial_shops, shop, shop, shop_statue, basic_altar,
          st_stairs_7
D:3:      layout_basic, chequers_ecumenical_altar_simple_redux
D:4:      layout_loops_ring, gammafunk_ghost_nasty_kobolds, uniq_eustachio

Skill      XL: |  1  2  3  4  5 |
---------------+----------------+-----
Axes           | 2 3 4 5 |  5.0
Fighting       | |  3.4
Armour         | |  3.2
Shields        | |  3.2

Action                     |  1- 3 |  4- 6 || total
---------------------------+-------+-------++-------
  Melee: War axe           |   144 |    63 ||   207
  Throw: Boomerang         |       |    10 ||    10
    Use: Scroll            |     4 |     9 ||    13
         Potion            |       |     1 ||     1
 Armour: Scale mail        |    98 |     5 ||   103
         Plate armour      |       |    29 ||    29
  Dodge: Dodged            |    66 |    18 ||    84
  Block: Buckler           |    21 |    10 ||    31

Table legend:
 A = Non-vault XP
 B = Vault XP
 C = Vault XP percentage of total XP
 D = Non-vault monster count
 E = Vault monster count
 F = Vault count percentage of total count
                 A         B        C        D         E       F
            +---------+---------+-------+---------+---------+-------
      Total |     236 |       3 |   1.3 |      69 |       2 |   2.8
            +---------+---------+-------+---------+---------+-------
        D:1 |      32 |       0 |   0.0 |      20 |       0 |   0.0
        D:2 |      50 |       3 |   5.7 |      22 |       2 |   8.3
        D:3 |     153 |       0 |   0.0 |      26 |       0 |   0.0
        D:4 |       1 |       0 |   0.0 |       1 |       0 |   0.0
            +---------+---------+-------+---------+---------+-------
